 Dungeon Crawl Stone Soup version 0.29.1-15-g9cfb28693d (webtiles) character file.

Game seed: 11873208511866224887

43554 Peloso the Fencer (level 13, -17/123 HPs)
             Began as a Minotaur Fighter on Mar 5, 2023.
             Was a High Priest of Okawaru.
             Demolished by a two-headed ogre
             ... wielding a +0 giant club
              (20 damage)
             ... while paralysed by an ogre mage
             ... on level 2 of the Orcish Mines.
             The game lasted 00:42:12 (23245 turns).

Peloso the Fencer (Minotaur Fighter)               Turns: 23245, Time: 00:42:13

Health: -17/123    AC: 18    Str: 34    XL:     13   Next: 91%
Magic:  13/14      EV:  2    Int:  2    God:    Okawaru [*****.]
Gold:   557        SH:  0    Dex: 18    Spells: 12/12 levels left

rFire   + . .      SeeInvis .   a - +5 falchion of the Stained God {freeze, rElec rC- rN+ Str+10}
rCold   x x .      Faith    .   d - +0 buckler
rNeg    + + +      Spirit   .   y - +1 chain mail {rPois}
rPois   +          Reflect  .   (helmet restricted)
rElec   +          Harm     .   (no cloak)
rCorr   .          Rampage  .   (no gloves)
Will    .....                   V - +0 pair of boots "Nycsaivo" {+Blink rElec rN+++ Int-3}
Stlth   ++........              v - amulet of the acrobat
HPRegen 0.30/turn               J - +6 ring of dexterity
MPRegen 0.14/turn               G - ring "Cini" {Fire Stlth+}

@: paralysed, heroic
A: horns 2, retaliatory headbutt
a: Renounce Religion, Evoke Blink, Heroism, Finesse, Duel


You were on level 2 of the Orcish Mines.
You worshipped Okawaru.
Okawaru was extremely pleased with you.
You visited 3 branches of the dungeon, and saw 17 of its levels.
You also visited: Sewer, Bailey and Gauntlet.

You collected 1161 gold pieces.
You spent 604 gold pieces at shops.

Inventory:

Hand Weapons
 a - the +5 falchion of the Stained God (weapon) {freeze, rElec rC- rN+ Str+10}
   (Okawaru gifted it to you on level 7 of the Dungeon)

   It freezes those it strikes, dealing additional cold damage.
   It can also slow down cold-blooded creatures.
   Str:       It affects your strength (+10).
   rC:        It makes you vulnerable to cold.
   rElec:     It insulates you from electricity.
   rN:        It protects you from negative energy.
 b - a +2 long sword of flaming
 O - the +8 long sword "Fotych" {speed, rN+ Str-5 Dex+3}
   (You bought it in a shop on level 6 of the Dungeon)

   Attacks with this weapon are significantly faster.
   Str:       It affects your strength (-5).
   Dex:       It affects your dexterity (+3).
   rN:        It protects you from negative energy.
 U - a +2 vampiric demon whip
Missiles
 Q - 3 throwing nets (quivered)
Armour
 c - a +0 plate armour
 d - a +0 buckler (worn)
 t - +0 acid dragon scales
 y - a +1 chain mail of poison resistance (worn)
 A - a +0 cloak
 S - a +1 pair of boots
 V - the +0 pair of boots "Nycsaivo" (worn) {+Blink rElec rN+++ Int-3}
   (You found it in a Gauntlet)

   Int:       It affects your intelligence (-3).
   rElec:     It insulates you from electricity.
   rN:        It renders you almost immune to negative energy.
   +Blink:    It lets you blink.
Jewellery
 v - an amulet of the acrobat (around neck)
 z - a ring of ice
 B - a ring of positive energy
 C - a ring of ice
 G - the ring "Cini" (right hand) {Fire Stlth+}
   (You found it in a Gauntlet)

   [ring of fire]

   It enhances your fire magic.
   rF:        It protects you from fire.
   rC:        It makes you vulnerable to cold.
   Stlth:     It makes you more stealthy.
 J - a +6 ring of dexterity (left hand)
Wands
 g - a wand of flame (51)
 h - a wand of iceblast (20)
 p - a wand of charming (21)
 x - a wand of digging (9)
 M - a wand of polymorph (8)
 N - a wand of acid (14)
Scrolls
 f - 5 scrolls of immolation
 j - 2 scrolls of fear
 k - a scroll of magic mapping
 m - 2 scrolls of summoning
 n - 5 scrolls of enchant weapon
 q - 3 scrolls of enchant armour
 r - 5 scrolls of teleportation
 w - 2 scrolls of noise
 D - 3 scrolls of blinking
 H - a scroll of brand weapon
 I - a scroll of amnesia
 P - 6 scrolls of identify
Potions
 e - 5 potions of curing
 i - 2 potions of cancellation
 l - 4 potions of haste
 o - 5 potions of magic
 s - 2 potions of resistance
 u - 2 potions of brilliance
 E - 2 potions of flight
 F - a potion of invisibility
 K - 3 potions of berserk rage
 L - 2 potions of mutation
 R - a potion of heal wounds


   Skills:
 + Level 13.9(18.9) Fighting
 + Level 16.1(21.1) Long Blades
 + Level 15.2(20.2) Armour
 + Level 6.4(11.4) Dodging
 + Level 1.4(6.4) Stealth
 + Level 11.8(16.8) Shields
 + Level 2.8 Invocations
 + Level 0.6 Evocations


You had 12 spell levels left.
You didn't know any spells.
Your spell library contained the following spells:

 Spells                   Type           Power      Damage    Failure   Level
 Beastly Appendage        Tmut           0%         N/A       86%         1
 Blink                    Tloc           0%         N/A       95%         2
 Wereblood                Tmut           0%         N/A       95%         2
 Ozocubu's Armour         Ice            0%         N/A       99%         3
 Spider Form              Tmut/Pois      0%         N/A       99%         3
 Anguish                  Hex/Necr       0%         N/A       100%        4
 Blade Hands              Tmut           0%         N/A       100%        5
 Manifold Assault         Tloc           0%         N/A       100%        5
 Metabolic Englaciation   Hex/Ice        0%         N/A       100%        5
 Iron Shot                Conj/Erth      0%         9d1       100%        6
 Enfeeble                 Hex            0%         N/A       100%        7
 Storm Form               Tmut/Air       0%         N/A       100%        7
 Animate Armour           Summ/Erth      Unusable   N/A       N/A         4
 Simulacrum               Ice/Necr       Unusable   N/A       N/A         6

Dungeon Overview and Level Annotations

Branches:
Dungeon (12/15)            Temple (0/1) D:7            Lair (3/5) D:10
 Shoals (0/4) Lair:3       Spider (0/4) Lair:3          Orc (2/2) D:12
  Sewer (visited)          Bailey (visited)         Gauntlet (visited)
    Elf: Orc:2

Altars:
Ashenzari
Cheibriados
Dithmenos
Gozag
Makhleb
Okawaru
Qazlal
Trog
Vehumet
Wu Jian
The Shining One

Shops:
D:5 [   D:6 (   D:7 ?   D:11 ?   D:12 !

Annotations:
D:5 3 runed translucent doors, vvl's ghost, novice OpEE


Innate Abilities, Weirdness & Mutations

You have a pair of horns on your head.
You reflexively headbutt those who attack you in melee.


Message History

Unknown command.
You hit the ogre mage. You freeze the ogre mage. You headbutt the ogre mage!!
The ogre mage is heavily wounded.
The ogre mage points at the two-headed ogre and mumbles some strange words.
The two-headed ogre seems to speed up.
The troll misses you. The troll claws you! The troll claws you.
You block the two-headed ogre's attack. x2
Unknown command.
You slash the ogre mage! You freeze the ogre mage.
The ogre mage is severely wounded.
The ogre mage gestures at you while chanting.
You suddenly lose the ability to move!
An orc comes into view. It is wielding a +0 flail.
The troll bites you.
The troll claws you but does no damage. x2
The two-headed ogre hits you but does no damage.
The two-headed ogre hits you with a +0 giant club!
The troll bites you!
The troll claws you but does no damage. x2
The ogre mage hits you but does no damage.
An ogre comes into view. It is wielding a +0 giant spiked club.
The two-headed ogre hits you with a +0 giant club!!
The two-headed ogre hits you with a +0 giant club!
An orc priest comes into view. It is wielding a +0 whip.
The troll bites you. The troll claws you but does no damage.
The troll barely misses you.
The orc priest shouts!
The two-headed ogre hits you but does no damage.
The two-headed ogre hits you with a +0 giant club!
* * * LOW HITPOINT WARNING * * *
The ogre mage hits you but does no damage.
The ogre hits you with a +0 giant spiked club!!
* * * LOW HITPOINT WARNING * * *
An orc wizard comes into view. It is wielding a +0 dagger.
The troll bites you.
* * * LOW HITPOINT WARNING * * *
The troll claws you!
* * * LOW HITPOINT WARNING * * *
The troll barely misses you.
An ogre comes into view. It is wielding a +0 giant club.
The two-headed ogre hits you with a +0 giant club!!
You die...

...............#
..o.......#...##
.Oo....#.......##.
..$.O.....[[......
.....o....[[....#.
..........)......#
......)...).#...##
.....$.OO..#.....#
#......O@...#.....
<#$.....#T[.......
.......##<$.#.....
.......#..)#....#.
.##.#.............
##...........$..
#..##..........#
.... ##$.........
.. #..........


You could see a two-headed ogre (fast), an ogre mage, a troll, 3 ogres, an orc
priest, an orc wizard (wandering) and an orc.

Vanquished Creatures
  A balrug (Gauntlet)
  A minotaur (Gauntlet)
  A boulder beetle (D:12)
  2 hydras (D:12)
  Harold (Lair:2)
  A catoblepas (Lair:3)
  An ogre mage (Orc:1)
  6 two-headed ogres
  5 death yaks
  2 wizards (Gauntlet)
  2 manticores
  An ugly thing (D:11)
  4 cyclopes
  12 elephants
  2 black mambas
  A gargoyle (Bailey)
  2 cane toads
  Psyche (D:10)
  2 unseen horrors
  4 kobold demonologists
  Maggie (D:6)
  2 rime drakes (Lair:3)
  A tengu conjurer (D:12)
  4 komodo dragons
  6 trolls
  A wind drake (Lair:3)
  11 blink frogs (Lair:2)
  2 vampires
  A shadow (D:11)
  4 wyverns
  24 yaks
  2 basilisks
  A steam dragon (D:9)
  3 vampire mosquitoes (D:11)
  A warg (Orc:1)
  An acid dragon (D:9)
  7 water moccasins
  2 ice beasts
  11 orc warriors
  Pargi (Sewer)
  A sky beast (D:7)
  3 black bears
  9 centaurs
  15 ogres
  7 wolves (Lair:2)
  2 phantoms
  3 kobold brigands (D:9)
  15 bullfrogs
  A necrophage (D:4)
  2 gnoll sergeants
  7 scorpions
  28 killer bees
  6 vampire bats (Bailey)
  5 howler monkeys
  4 wolf zombies (Bailey)
  5 hounds
  2 jellies
  12 orc priests
  Jessica (D:2)
  4 iguanas
  8 orc wizards
  3 gnolls (D:12)
  8 adders
  3 shadow imps
  6 white imps
  3 ufetubi (D:6)
  8 worms
  3 dart slugs
  44 orcs
  6 ball pythons
  5 endoplasms
  4 giant cockroaches
  7 hobgoblins
  4 jackals (D:2)
  5 quokkas
  9 bats
  6 frilled lizards
  12 goblins
  18 kobolds
  23 orc zombies (Bailey)
  6 rats
461 creatures vanquished.

Vanquished Creatures (others)
  An unseen horror (D:11)
  11 fungi
  21 plants
33 creatures vanquished.

Grand Total: 494 creatures vanquished

Notes
Turn   | Place    | Note
-------+----------+-------------------------------------------
     0 | D:1      | Peloso the Minotaur Fighter began the quest for the Orb.
     0 | D:1      | Reached XP level 1. HP: 19/19 MP: 0/0
   435 | D:1      | Reached XP level 2. HP: 27/27 MP: 1/1
   454 | D:1      | Found a faded altar of an unknown god.
   821 | D:2      | Noticed Jessica
   833 | D:2      | Reached XP level 3. HP: 32/33 MP: 2/2
   844 | D:2      | Killed Jessica
   988 | D:2      | Reached skill level 3 in Long Blades
  1142 | D:2      | Reached XP level 4. HP: 41/41 MP: 3/3
  1467 | D:3      | Found a glowing drain.
  1497 | Sewer    | Entered a sewer
  1550 | Sewer    | Noticed Pargi
  1567 | Sewer    | Killed Pargi
  1568 | Sewer    | Reached skill level 4 in Long Blades
  1568 | Sewer    | Reached skill level 1 in Dodging
  1568 | Sewer    | Reached XP level 5. HP: 32/47 MP: 4/4
  2177 | D:3      | Reached skill level 5 in Armour
  2705 | D:3      | Found a glowing golden altar of the Shining One.
  2708 | D:3      | Found a snail-covered altar of Cheibriados.
  2713 | D:3      | Found a burning altar of Makhleb.
  2959 | D:3      | Found a bloodstained altar of Trog.
  3133 | D:4      | Noticed an ogre
  3214 | D:4      | Reached XP level 6. HP: 55/55 MP: 5/5
  3266 | D:4      | Found an ornate altar of the Wu Jian Council.
  3393 | D:4      | Reached skill level 5 in Fighting
  3393 | D:4      | Reached skill level 5 in Long Blades
  3439 | D:5      | Entered Level 5 of the Dungeon
  3439 | D:5      | Found a stormy altar of Qazlal.
  3802 | D:5      | Reached XP level 7. HP: 50/61 MP: 6/6
  3809 | D:5      | Reached skill level 6 in Long Blades
  3824 | D:5      | Reached skill level 5 in Shields
  4292 | D:5      | Found an iron altar of Okawaru.
  4323 | D:5      | Reached skill level 7 in Long Blades
  4325 | D:5      | Became a worshipper of Warmaster Okawaru
  4373 | D:5      | Found Tyfo's Antique Armour Emporium.
  4586 | D:5      | Found a runed translucent gate.
  4586 | D:5      | Found a runed translucent gate.
  4587 | D:5      | Found a runed translucent gate.
  4587 | D:5      | Noticed vvl's ghost (novice OpEE)
  4587 | D:5      | Identified the +3 dagger "Omelette" {venom, Str+5}
  4987 | D:6      | Reached XP level 8. HP: 70/70 MP: 7/7
  5039 | D:6      | Noticed Maggie
  5066 | D:6      | Killed Maggie
  5385 | D:6      | Reached * piety under Okawaru
  5441 | D:6      | Reached skill level 8 in Long Blades
  5919 | D:6      | Found Rinub's Antique Weapon Boutique.
  5929 | D:6      | Reached skill level 9 in Long Blades
  5955 | D:6      | Bought a fine long sword for 229 gold pieces
  5955 | D:6      | Identified the +8 long sword "Fotych" {speed, rN+ Str-5
                  | Dex+3} (You bought it in a shop on level 6 of the Dungeon)
  6208 | D:6      | Found an opulent altar of Gozag.
  6411 | D:4      | Reached XP level 9. HP: 49/78 MP: 8/8
  7479 | D:7      | Found a shadowy altar of Dithmenos.
  7545 | D:7      | Reached ** piety under Okawaru
  7818 | D:7      | Reached skill level 1 in Stealth
  7824 | D:7      | Reached skill level 10 in Long Blades
  7835 | D:7      | Found a staircase to the Ecumenical Temple.
  7922 | D:7      | Found Jeokaes's Magic Scroll Shoppe.
  7931 | D:7      | Bought a scroll of magic mapping for 75 gold pieces
  7931 | D:7      | Bought a scroll of identify for 20 gold pieces
  7931 | D:7      | Bought a scroll of identify for 20 gold pieces
  7939 | D:7      | Bought 3 scrolls of identify for 60 gold pieces
  8449 | D:8      | Reached *** piety under Okawaru
  8450 | D:8      | Reached skill level 11 in Long Blades
  8745 | D:8      | Found a radiant altar of Vehumet.
  8811 | D:8      | Reached skill level 10 in Armour
  8820 | D:8      | Reached XP level 10. HP: 54/88 MP: 9/9
  9305 | D:9      | Found a flagged portal.
  9323 | Bailey   | Entered a bailey
  9746 | Bailey   | Noticed a gargoyle
  9759 | Bailey   | Killed a gargoyle
 10217 | D:9      | Reached **** piety under Okawaru
 10340 | D:9      | Reached skill level 12 in Long Blades
 10700 | D:9      | Found a broken altar of Ashenzari.
 11387 | D:10     | Entered Level 10 of the Dungeon
 11582 | D:9      | Noticed a sun demon
 11896 | D:10     | Reached skill level 13 in Long Blades
 11900 | D:10     | Reached XP level 11. HP: 89/97 MP: 10/10
 12030 | D:10     | Noticed a death yak
 12032 | D:10     | Noticed a death yak
 12043 | D:10     | Reached ***** piety under Okawaru
 12047 | D:10     | Noticed a death yak
 12052 | D:10     | Noticed a death yak
 12065 | D:9      | Killed a death yak
 12181 | D:10     | Noticed a death yak
 12193 | D:9      | Killed a death yak
 12419 | D:9      | Killed a death yak
 12428 | D:9      | Killed a death yak
 12623 | D:10     | Killed a death yak
 12753 | D:10     | Found a staircase to the Lair.
 12935 | D:10     | Noticed Psyche
 12944 | D:10     | Killed Psyche
 13151 | D:7      | Reached skill level 14 in Long Blades
 13259 | D:7      | Identified the +5 falchion of the Stained God {freeze,
                  | rElec rC- rN+ Str+10} (Okawaru gifted it to you on level 7
                  | of the Dungeon)
 13259 | D:7      | Received a gift from Okawaru
 13522 | Lair:1   | Entered Level 1 of the Lair of Beasts
 13534 | Lair:1   | You fall into a shaft and drop 1 floor!
 13556 | Lair:2   | Reached skill level 10 in Fighting
 13617 | Lair:2   | Reached ****** piety under Okawaru
 13904 | Lair:2   | Noticed Harold
 13919 | Lair:2   | Killed Harold
 14175 | Lair:2   | Reached XP level 12. HP: 107/107 MP: 11/11
 14392 | Lair:2   | Received a gift from Okawaru
 16236 | Lair:3   | Found a hole to the Spider Nest.
 16237 | Lair:3   | Received a gift from Okawaru
 16283 | Lair:3   | Reached skill level 15 in Long Blades
 16502 | Lair:3   | Reached skill level 5 in Dodging
 16564 | Lair:3   | Found a staircase to the Shoals.
 16843 | Lair:2   | Reached skill level 10 in Shields
 17112 | Lair:3   | Identified the +2 robe "Ydurytiv" {rF+ Slay+3 Stlth-}
                  | (Okawaru gifted it to you on level 3 of the Lair of Beasts)
 17112 | Lair:3   | Received a gift from Okawaru
 17514 | Lair:3   | Noticed a catoblepas
 17524 | Lair:3   | Killed a catoblepas
 17525 | Lair:3   | Reached XP level 13. HP: 76/119 MP: 12/12
 17817 | Lair:3   | Reached skill level 1 in Invocations
 18450 | D:11     | Found a gate leading to a gauntlet.
 18459 | Gauntlet | Entered a Gauntlet
 18459 | Gauntlet | Found a transporter.
 18459 | Gauntlet | Found a large runed translucent door.
 18459 | Gauntlet | Found a large runed translucent door.
 18459 | Gauntlet | Found a large runed translucent door.
 18459 | Gauntlet | Found a large runed translucent door.
 18459 | Gauntlet | Found a large runed translucent door.
 18459 | Gauntlet | Found a large runed translucent door.
 18459 | Gauntlet | Found a runed translucent door.
 18459 | Gauntlet | Found a runed translucent door.
 18459 | Gauntlet | Found a large runed translucent door.
 18459 | Gauntlet | Found a large runed translucent door.
 18459 | Gauntlet | Found a large runed translucent door.
 18459 | Gauntlet | Found a large runed translucent door.
 18459 | Gauntlet | Found a large runed translucent door.
 18459 | Gauntlet | Found a large runed translucent door.
 18462 | Gauntlet | Found a transporter.
 18475 | Gauntlet | Found a transporter.
 18479 | Gauntlet | Found a transporter.
 18482 | Gauntlet | Noticed a balrug
 18492 | Gauntlet | Found a transporter.
 18512 | Gauntlet | Found a transporter.
 18516 | Gauntlet | Found a transporter.
 18520 | Gauntlet | Found a transporter.
 18522 | Gauntlet | Found a runed translucent gate.
 18522 | Gauntlet | Found a runed translucent gate.
 18522 | Gauntlet | Found a runed translucent gate.
 18523 | Gauntlet | Found a large runed translucent door.
 18523 | Gauntlet | Found a large runed translucent door.
 18538 | Gauntlet | Found a large runed translucent door.
 18539 | Gauntlet | Found a large runed translucent door.
 18548 | Gauntlet | Found a transporter.
 18549 | Gauntlet | Found a transporter.
 18553 | Gauntlet | Found a transporter.
 18578 | Gauntlet | Found a transporter.
 18676 | Gauntlet | Identified the ring "Cini" {Fire Stlth+}
 18737 | Gauntlet | Killed a balrug
 18749 | Gauntlet | Identified the +0 pair of boots "Nycsaivo" {+Blink rElec
                  | rN+++ Int-3}
 18787 | Gauntlet | Noticed a minotaur
 18797 | Gauntlet | Killed a minotaur
 19399 | D:11     | Found Musoiny's Magic Scroll Emporium.
 19403 | D:11     | Bought a scroll of identify for 28 gold pieces
 19403 | D:11     | Bought a scroll of identify for 28 gold pieces
 19403 | D:11     | Bought a scroll of identify for 28 gold pieces
 19403 | D:11     | Bought a scroll of fear for 56 gold pieces
 19915 | D:12     | Found Zuzew's Distillery.
 19973 | D:12     | Bought a potion of berserk rage for 60 gold pieces
 20479 | D:12     | Found a staircase to the Orcish Mines.
 21209 | Orc:1    | Entered Level 1 of the Orcish Mines
 21330 | Orc:2    | Entered Level 2 of the Orcish Mines
 21620 | Orc:1    | Reached skill level 15 in Armour
 22106 | Orc:2    | Reached skill level 16 in Long Blades
 22133 | Orc:1    | Received a gift from Okawaru
 23241 | Orc:2    | Paralysed by an ogre mage for 4 turns
 23244 | Orc:2    | HP: 3/123 [troll (7)]
 23245 | Orc:2    | Demolished by a two-headed ogre

Illustrated notes

Levels and vault maps discovered:
D:1:      moated_graveyard_arrival, layout_loops_cross,
          hellmonk_ecumenical_altar_lost_god, minmay_misc_feat_rows
D:2:      layout_rooms, chequers_serial_rivers_micro_c, uniq_jessica
D:3:      layout_basic, lemuel_coloured_pillars_altar,
          grunt_temple_overflow_diamond, cheibrodos_sewer_entry_sluice,
          chequers_serial_rivers_micro_b, minmay_misc_feat_encased
D:4:      minmay_door_path, layout_basic, mainiacjoe_overflow_24_doors,
          reono_crystal_passage, minivault_5, minmay_misc_feat_plants
D:5:      layout_loops_ring, lemuel_crystal_altar, mainiacjoe_overflow_chevrons,
          biasface_ghost_orc_armoury, serial_shops, shop, minmay_circle_x
D:6:      layout_loops_ring, nicolae_overflow_hidden_temple, serial_shops,
          shop_fountains, uniq_maggie
D:7:      minmay_slanted_spiral_squares, layout_basic, grunt_dithmenos_smoke,
          minmay_temple_entry_trees, serial_shops, shop, corexii_corridor_pit
D:8:      layout_cave_pods, vehumet_altar_wand_db
D:9:      layout_gridville, mainiacjoe_overflow_surrounded_room, enter_bailey_3
D:10:     layout_long_grid, dpeg_lair_monsters, uniq_psyche
D:11:     layout_basic, gauntlet_entry_generic, serial_shops,
          nicolae_shop_window_shopping
D:12:     layout_basic, david_orc_5, serial_shops, nicolae_shop_behind_doors
Lair:1:   wander_river, layout_chaotic_city, infiniplex_staircase_pool_2
Lair:2:   layout_loops_ring, uniq_harold
Lair:3:   layout_cave_pods, minmay_shoals_entry_beasts,
          nicolae_spider_entry_non_spiders, lemuel_fruit_fields
Orc:1:    layout_caves, basic_altar, nicolae_orc_sculptors_studio
Orc:2:    st_orc_open, layout_caves, mines2_lemuel

Skill      XL: |  1  2  3  4  5  6  7  8  9 10 11 12 13 |
---------------+----------------------------------------+-----
Fighting       | 4 5 6 8 9 10 12 13 | 13.9
Armour         | 4 5 7 8 10 11 12 14 15 | 15.2
Shields        | 4 5 6 7 8 10 11 | 11.8
Long Blades    | 3 4 5 7 9 11 13 14 15 16 | 16.1
Dodging        | 1 2 4 5 6 |  6.4
Stealth        | 1 |  1.4
Invocations    | 2 |  2.8
Evocations     | |  0.6

Action                   |  1- 3 |  4- 6 |  7- 9 | 10-12 | 13-15 || total
-------------------------+-------+-------+-------+-------+-------++-------
Melee: Long sword        |    73 |   168 |   266 |   368 |    13 ||   888
       Headbutt          |    13 |    19 |    55 |   178 |   111 ||   376
       Falchion          |       |       |       |   404 |   343 ||   747
Invok: Heroism           |       |       |       |    10 |    14 ||    24
       Finesse           |       |       |       |       |     2 ||     2
Evoke: Wand              |       |       |       |     1 |       ||     1
  Use: Potion            |     1 |       |     6 |     1 |       ||     8
       Scroll            |       |    12 |     7 |     3 |     7 ||    29
Armor: Scale mail        |    12 |       |       |       |       ||    12
       Chain mail        |    25 |   121 |    62 |   259 |   138 ||   605
       Plate armour      |       |       |    20 |    37 |       ||    57
Dodge: Dodged            |    32 |    81 |   107 |   467 |   263 ||   950
Block: Buckler           |    22 |    47 |    51 |   261 |   144 ||   525
